 Dungeon Crawl Stone Soup version 0.15-a0-1909-gd9acbb9 (console) character file.

2622 MrRokkomies the Carver (level 9, -12/61 HPs)
             Began as a Formicid Warper on July 6, 2014.
             Mangled by an orc warrior
             ... wielding a +0 halberd
              (19 damage)
             ... on Level 7 of the Dungeon.
             The game lasted 00:43:26 (8388 turns).

MrRokkomies the Carver (Formicid Warper)            Turns: 8388, Time: 00:43:26

HP -12/61        AC 10     Str 18      XL: 9   Next: 91%
MP  23/27        EV 10     Int 21      God:
Gold 150         SH  0     Dex 10      Spells:  4 memorised,  2 levels left

rFire  + . .     SeeInvis +     a - +1 falchion
rCold  . . .     Clarity  .     D - +2 ring mail {rF+}
rNeg   . . .     rCorr    .     (no shield)
rPois  +         rRot     .     (helmet unavailable)
rElec  .         Spirit   .     k - +1 cloak
SustAb .         Warding  .     y - +0 pair of gloves
rMut   .         Stasis   +     (no boots)
Gourm  .                        (no amulet)
MR     .....                    t - +4 ring of intelligence
                                i - ring "Klocvuy" {rPois MP+9 Str+3}

@: not resistant to hostile enchantments, extremely unstealthy
A: permanent stasis, dig shafts and tunnels, four strong arms, antennae 3
a: Dig, Shaft Self


You were on level 7 of the Dungeon.
You were hungry.

You visited 2 branches of the dungeon, and saw 8 of its levels.

You collected 355 gold pieces.
You spent 205 gold pieces at shops.

Inventory:

Hand weapons
 a - a +1 falchion (weapon)
 H - a +0 blowgun
Missiles
 e - 41 bolts
Armour
 k - a +1 cloak (worn)
 y - a +0 pair of gloves (worn)
 D - a +2 ring mail of fire resistance (worn)
Magical devices
 h - a wand of cold (8)
 j - a wand of disintegration (4)
 u - a wand of heal wounds (0)
 C - a wand of slowing (1)
Comestibles
 d - a rotting chunk of giant frog flesh
 f - 4 bread rations
 g - a slice of pizza
 o - 3 fruits
Scrolls
 b - a scroll of amnesia
 x - 3 scrolls of enchant weapon
Jewellery
 i - the ring "Klocvuy" (left hand) {rPois MP+9 Str+3}
   (You found it on level 6 of the Dungeon)

   [ring of magical power]

   It affects your strength (+3).
   It protects you from poison.
   It affects your magic capacity (+9).
 n - a +4 ring of strength
 t - a +4 ring of intelligence (right hand)
Potions
 l - a potion of magic
 p - a potion of confusion {unknown}
 r - a potion of brilliance {unknown}
 z - a potion of flight {unknown}
 B - a potion of invisibility {unknown}
 G - a potion of degeneration {unknown}
Books
 c - a book of Spatial Translocations

   Spells                             Type                      Level
   *Apportation                       Translocation                1
   Blink                              Translocation                2
   *Shroud of Golubria                Charms/Translocation         2
   *Portal Projectile                 Translocation                3
   Teleport Other                     Translocation                3
   *Passage of Golubria               Translocation                4
 m - a book of the Sky

   Spells                             Type                      Level
   Flight                             Charms/Air                   3
   Airstrike                          Air                          4
   Silence                            Hexes/Air                    5
   Deflect Missiles                   Charms/Air                   6
   Conjure Ball Lightning             Conjuration/Air              6
   Tornado                            Air                          9


   Skills:
 - Level 2.1 Fighting
 + Level 11.1 Long Blades
 - Level 0.7 Throwing
 * Level 2.7 Armour
 - Level 1.7 Dodging
 - Level 2.1 Spellcasting
 - Level 6.0 Translocations


You had 2 spell levels left.
You knew the following spells:

 Your Spells              Type           Power        Failure   Level  Hunger
a - Apportation           Tloc           ####......   1%          1    #......
b - Shroud of Golubria    Chrm/Tloc      ##........   8%          2    ##.....
c - Passage of Golubria   Tloc           N/A          14%         4    #####..
d - Portal Projectile     Tloc           ####..       4%          3    ###....


Dungeon Overview and Level Annotations

Branches:
Dungeon (7/15)             Temple (1/1) D:5

Altars:
Ashenzari
Dithmenos
Fedhas
Gozag
Kikubaaqudgha
Makhleb
Nemelex Xobeh
Okawaru
Qazlal
Sif Muna
Trog
Vehumet
Xom
Yredelemnul
Zin
The Shining One

Shops:
D:6 =

Annotations:
D:5 WhatIsLove's ghost, experienced FoFi


Innate Abilities, Weirdness & Mutations

Your are under a permanent stasis effect.
You can dig through walls and to a lower floor.
Your four strong arms can wield two-handed weapons with a shield.
You have a pair of large antennae on your head (SInv).


Message History

Read which item? (? for menu, Esc to quit)
Okay, then.
Drink which item? (? for menu, Esc to quit)
You feel better.
It was a potion of curing.
Drink which item? (? for menu, Esc to quit)
You feel better.
The orc warrior hits you from afar with a halberd!
* * * LOW HITPOINT WARNING * * *
Casting: Shroud of Golubria
Confirm with . or Enter, or press ? or * to list all spells.
Aiming: Passage of Golubria
Press: ? - help, Dir - move target cursor
Okay, then.
You retract your mandibles.
Casting: Passage of Golubria
Confirm with . or Enter, or press ? or * to list all spells.
Aiming: Passage of Golubria
Press: ? - help, Dir - move target cursor The orc warrior hits you from afar with a halberd!!
You die...

(......))...r.....###
###.##..#.r###{{.o..#
#.###.....#{###{. #.#
##.....#{## #.####....###.## .#
#....#.......#{# .#.
#....#....##.o## ###....
#....#.....##).# ......
#....#.....###@#### #....#
##)####...........###.#..## #.#
####..###^....#.#...##. ## #.#
##....###.^.......... .###.#
####.# ##........... ..##.# #.#
###.......#. ...#.#
#.######.###...# ...#.#
#................
...#.#############....#########


You could see an orc warrior.

Vanquished Creatures
  6 ugly things (D:6)
  Eustachio (D:4)
  A water moccasin (D:7)
  A black bear (D:6)
  An orc warrior (D:7)
  4 ogres
  A centaur (D:5)
  2 giant frogs
  A scorpion (D:4)
  A crimson imp (D:5)
  A goliath beetle (D:7)
  A jelly (D:7)
  5 orc priests
  2 hounds
  An iguana (D:4)
  An orc wizard (D:4)
  Natasha (thrice) (D:4)
  A killer bee zombie (D:5)
  An ogre skeleton (D:5)
  A hound skeleton (D:4)
  6 gnolls
  16 adders
  A giant mite (D:2)
  An orc skeleton (D:6)
  An inept feature mimic (D:6)
  2 shadow imps
  2 worms
  4 giant geckos
  10 orcs
  A ball python (D:3)
  A bat skeleton (D:4)
  2 giant cockroaches
  11 goblins
  17 hobgoblins
  6 jackals
  4 quokkas
  21 bats
  A giant gecko skeleton (D:5)
  8 giant newts
  A hobgoblin zombie (D:5)
  A jackal skeleton (D:4)
  13 kobolds
  A kobold skeleton (D:4)
  21 rats
188 creatures vanquished.

Notes
Turn   | Place    | Note
--------------------------------------------------------------
     0 | D:1      | MrRokkomies, the Formicid Warper, began the quest for the Orb.
     0 | D:1      | Reached XP level 1. HP: 16/16 MP: 3/3
   297 | D:1      | Reached XP level 2. HP: 8/22 MP: 5/5
   309 | D:1      | Reached skill level 3 in Translocations
   413 | D:1      | Learned a level 2 spell: Shroud of Golubria
   899 | D:1      | Reached XP level 3. HP: 25/27 MP: 7/7
  1387 | D:2      | Reached XP level 4. HP: 23/33 MP: 8/8
  1480 | D:2      | Learned a level 4 spell: Passage of Golubria
  1897 | D:2      | Reached XP level 5. HP: 27/38 MP: 11/11
  2126 | D:3      | Reached skill level 4 in Long Blades
  2645 | D:3      | Reached XP level 6. HP: 34/44 MP: 12/12
  2658 | D:3      | Reached skill level 5 in Long Blades
  3117 | D:4      | Noticed Natasha
  3137 | D:4      | Killed Natasha
  3265 | D:4      | Reached skill level 6 in Long Blades
  3265 | D:4      | Reached XP level 7. HP: 20/50 MP: 14/14
  3501 | D:4      | Noticed Eustachio
  3539 | D:4      | Killed Eustachio
  3633 | D:4      | Reached skill level 7 in Long Blades
  3721 | D:4      | Learned a level 3 spell: Portal Projectile
  3879 | D:4      | Noticed Natasha
  3888 | D:4      | Killed Natasha
  3923 | D:4      | Reached XP level 8. HP: 35/56 MP: 13/16
  4702 | D:4      | Noticed Natasha
  4703 | D:4      | Killed Natasha
  4771 | D:5      | Entered Level 5 of the Dungeon
  4798 | D:5      | Reached skill level 8 in Long Blades
  5582 | D:5      | Found a staircase to the Ecumenical Temple.
  5591 | Temple   | Entered the Ecumenical Temple
  5842 | D:5      | Noticed WhatIsLove's ghost (experienced FoFi)
  5939 | D:6      | Reached skill level 9 in Long Blades
  5939 | D:6      | Reached skill level 5 in Translocations
  6116 | D:6      | Reached XP level 9. HP: 28/61 MP: 16/18
  6130 | D:6      | Reached skill level 10 in Long Blades
  6157 | D:6      | HP: 3/61 [poisoned by a green ugly thing]
  6463 | D:6      | Found Vezxonk's Jewellery Emporium.
  6668 | D:6      | Bought the ring "Fateelee" {rPois Str+2} for 205 gold pieces
  6726 | D:6      | Got a shimmering pewter ring
  6728 | D:6      | Identified the ring "Klocvuy" {rPois MP+9 Str+3} (You found it on level 6 of the Dungeon)
  7005 | D:6      | Found an opulent altar of Gozag.
  7010 | D:6      | Found a radiant altar of Vehumet.
  7273 | D:6      | Found an iron altar of Okawaru.
  7275 | D:6      | Found a shadowy altar of Dithmenos.
  7813 | D:6      | You fall through a shaft!
  8320 | D:7      | Reached skill level 11 in Long Blades
  8382 | D:7      | HP: 1/61 [orc warrior/halberd (9)]
  8388 | D:7      | Mangled by an orc warrior

Action                   |  1- 3 |  4- 6 |  7- 9 || total
-------------------------+-------+-------+-------++-------
Melee: Falchion          |   123 |   237 |   528 ||   888
 Fire: Blowgun           |       |       |    14 ||    14
Throw: Tomahawk          |     8 |    41 |    34 ||    83
       Throwing net      |       |     2 |     1 ||     3
 Cast: Shroud of Golubri |       |     1 |    14 ||    15
       Portal Projectile |       |       |     2 ||     2
       Passage of Golubr |       |       |     3 ||     3
 Abil: Dig               |     1 |       |     3 ||     4
       Shaft Self        |       |       |     1 ||     1
Evoke: Wand              |       |     1 |     8 ||     9
  Use: Scroll            |     7 |     4 |     3 ||    14
       Potion            |       |       |     8 ||     8
 Stab: Held in net/web   |       |       |     1 ||     1
  Eat: Chunk             |     1 |     7 |    17 ||    25
       Beef jerky        |       |       |     1 ||     1
